3v3 ** Epic tug o war **

Match 24941278
End
Construct Barracks
Riflemen Squad
Riflemen Squad
Riflemen Squad
Grenade Package
M1 Mortar Team
Mechanized Support Center
Construct Motor Pool
Selects Armored Battlegroup
Selects Veteran Crews
Selects Fast Deploy
M8 Greyhound Armored Car
Construct Medical Station
M8 Greyhound Armored Car
Selects Field Repairs
Designate Forward Repair Station
Riflemen Squad
M1918 Browning Automatic Rifles
Engineer Squad
M1 Anti-tank Gun Team
Selects War Machine
Selects Seek and Destroy
Selects UNKNOWN (2160077)
Construct Tank Depot
M4A3E8 Sherman Easy Eight
M18 Hellcat Tank Destroyer
M18 Hellcat Tank Destroyer
M18 Hellcat Tank Destroyer
Rearm and Retrofit
Improvised Armor
Engineer Squad
M18 Hellcat Tank Destroyer
Rapid Repairs
Seek and Destroy
M18 Hellcat Tank Destroyer
Designate Forward Repair Station
.30 cal Machine Gun
M4A3E8 Sherman Easy Eight
Engineer Squad
Construct Weapon Support Center
Construct Weapon Support Center
Designate Forward Repair Station
.30 cal Machine Gun
M3 Armored Personnel Carrier
PlammX
Wargame
[EPIC]SAGEKING
MathiasCZR01
Dressel901_TTV
[GI] Bilbo Swaggins
0
0

Comments sign in to comment!

No comments posted yet!